 Dungeon Crawl Stone Soup version 0.30.1-4-g462c640d31 (webtiles) character file.

Game seed: 8522068137493097659

5044 growler the Martial Artist (level 10, -8/82 HPs)
             Began as an Octopode Transmuter on Aug 31, 2023.
             Was an Initiate of Gozag.
             Mangled by Gastronok (35 damage)
             ... on level 8 of the Dungeon.
             The game lasted 00:25:17 (7177 turns).

growler the Martial Artist (Octopode Transmuter)    Turns: 7177, Time: 00:25:18

Health: -8/82      AC:  8    Str: 11    XL:     10   Next: 55%
Magic:  10/14      EV: 15    Int: 17    God:    Gozag
Gold:   75         SH:  0    Dex: 14    Spells: 0/15 levels left

rFire   x .          .
                       - Unarmed
rCold   + + +        (shield currently unavailable)
rNeg    + . .        (helmet currently unavailable)
rPois   +            (no amulet)
rElec   .            g - +4 ring of slaying
rCorr   .            s - ring of positive energy
SInv    .            w - +5 ring of evasion
Will    .....        (no ring)
Stlth   +            (no ring)
HPRegen 0.33/turn    (no ring)
MPRegen 0.14/turn    (no ring)
                     (no ring)

%: no passive effects
@: ice-form, wereblooded
A: freezing attack, boosted hp, almost no armour, amphibious, 8 rings, large,
(camouflage 1), (gelatinous body 1), (nimble swimmer 1), (tentacles)
a: End Transformation, Renounce Religion, Potion Petition, Call Merchant, Bribe
Branch


You were on level 8 of the Dungeon.
You worshipped Gozag.
Gozag was noncommittal.
You were a creature of crystalline ice.
You visited 2 branches of the dungeon, and saw 9 of its levels.

You collected 565 gold pieces.
You spent 396 gold pieces at shops.
You paid 94 gold pieces to Gozag.

Inventory:

Missiles
 o - 2 throwing nets
Jewellery
 g - a +4 ring of slaying (left front paw)
 s - a ring of positive energy (right front paw)
 w - a +5 ring of evasion (on tentacle)
Wands
 h - a wand of flame (16)
 l - a wand of roots (10)
 m - a wand of light (34)
Scrolls
 a - 5 scrolls of teleportation
 b - 3 scrolls of enchant armour
 c - a scroll of immolation {unknown}
 d - a scroll of silence {unknown}
 i - 2 scrolls of blinking
 k - a scroll of brand weapon {unknown}
 q - a scroll of fear {unknown}
 t - 2 scrolls of enchant weapon {unknown}
Potions
 e - 2 potions of heal wounds {unknown}
 f - a potion of resistance
 j - 2 potions of brilliance {unknown}
 n - a potion of curing
 p - a potion of mutation
 r - a potion of invisibility
 u - a potion of magic {unknown}
 v - 3 potions of lignification
 x - a potion of berserk rage {unknown}
 z - a potion of haste {unknown}


   Skills:
 + Level 6.7 Fighting
 - Level 2.0 Dodging
 + Level 9.7 Unarmed Combat
 - Level 3.0 Spellcasting
 + Level 8.4 Transmutations
 - Level 5.0 Ice Magic
 - Level 3.0 Poison Magic


You couldn't memorise any spells.
You knew the following spells:

 Your Spells              Type           Power      Damage    Failure   Level
a - Beastly Appendage     Tmut           62%        N/A       1%          1
b - Wereblood             Tmut           31%        N/A       1%          2
c - Spider Form           Tmut/Pois      21%        N/A       4%          3
d - Ice Form              Ice/Tmut       25%        N/A       11%         4
e - Blade Hands           Tmut           15%        N/A       16%         5

Your spell library contained the following spells:

 Spells                   Type           Power      Damage    Failure   Level
 Kiss of Death            Conj/Necr      8%         2d6       17%         1
 Slow                     Hex            8%         N/A       17%         1
 Confusing Touch          Hex            2%         N/A       45%         3
 Gell's Gravitas          Tloc           2%         N/A       45%         3
 Portal Projectile        Hex/Tloc       4%         N/A       45%         3
 Teleport Other           Tloc           2%         N/A       45%         3
 Tukima's Dance           Hex            2%         N/A       45%         3
 Vampiric Draining        Necr           2%         2d6       45%         3
 Olgreb's Toxic Radiance  Pois           12%        N/A       45%         4
 Dispel Undead            Necr           2%         3d7       86%         4
 Dispersal                Tloc           1%         N/A       100%        6
 Discord                  Hex            1%         N/A       100%        8
 Ignition                 Fire           1%         3d3       100%        8


Dungeon Overview and Level Annotations

Branches:
Dungeon (8/15)             Temple (1/1) D:7
   Lair: D:8-11

Altars:
Ashenzari
Cheibriados
Elyvilon
Fedhas
Gozag
Hepliaklqana
Kikubaaqudgha
Makhleb
Nemelex Xobeh
Okawaru
Ru
Sif Muna
Trog
Uskayaw
Vehumet
Wu Jian
Xom
Yredelemnul
Zin
The Shining One

Shops:
D:7 =

Annotations:
D:8 Gastronok


Innate Abilities, Weirdness & Mutations

You are a creature of crystalline ice.
You have a powerful freezing melee attack.
Your maximum health is increased.
Your armour is entirely melded.
You are incapable of wielding weapons or throwing items.
You cannot wear most types of armour.
You are amphibious.
You can wear up to eight rings at the same time.
((Your skin changes colour to match your surroundings (Stealth+).))
((Your rubbery body absorbs attacks. (AC +1, EV +1)))
((You are camouflaged when in or above water. (Stealth+)))
((You have tentacles for arms and can constrict up to eight enemies at once.))


Message History

You feel a bit better.
You kill the kobold brigand!
The kobold is distracted by your dazzling golden aura.
The kobold shouts!
You hit the kobold. You freeze the kobold.
You feel a bit better.
You kill the kobold!
You hear a shout!
Gastronok is distracted by your dazzling golden aura.
Things that are here:
6 gold pieces; a +0 dagger; 7 poisoned darts
Things that are here:
7 gold pieces; a +0 dagger You catch the helpless Gastronok completely off-guard!
You pummel Gastronok!! You freeze Gastronok!
Gastronok is no longer distracted by gold.
Gastronok is moderately wounded.
You hit Gastronok. You freeze Gastronok.
Gastronok is moderately wounded.
Gastronok waves his eye-stalks in wide circles.
The air twists around and strikes you!!
You hit Gastronok. You freeze Gastronok.
Gastronok is moderately wounded.
You pummel Gastronok!! You freeze Gastronok.
Gastronok is moderately wounded.
Gastronok waves his eye-stalks in wide circles.
The air twists around and strikes you!!
You punch Gastronok! You freeze Gastronok.
Gastronok is heavily wounded.
You pummel Gastronok!! You freeze Gastronok!
Gastronok is severely wounded.
Okay, then.
Press: ? - help, v - describe, . - travel
Here: a kobold, wielding a +0 dagger The floor.
Unknown command.
You pummel Gastronok!! You freeze Gastronok.
Gastronok is almost dead.
Gastronok bites you!!
You die...
Your body crumbles into a pile of gold.

#....)).##.###........##
#####.#.##.#
.........####
##....#.####.####.#....#
..........## #.####..
.#.###.....# #. ###
#######...#.# $..
#......#.# ## #####$$#.#
#Y...# #Kw.#### #K###
... ..# .... ###


You could see Gastronok and 2 kobolds.

Vanquished Creatures
  Erica (D:8)
  A troll (D:8)
  A hornet (D:7)
  A wyvern (D:7)
  6 yaks (D:8)
  A wraith (D:7)
  A sky beast (D:7)
  2 black bears
  An ice beast (D:6)
  An ogre (D:7)
  2 phantoms
  A kobold brigand (D:8)
  3 bullfrogs
  3 scorpions (D:4)
  11 wights
  4 crimson imps (D:7)
  2 howler monkeys
  4 hounds
  7 jellies
  3 gnoll boudas
  3 orc priests
  A sleepcap (D:6)
  5 iguanas
  4 orc wizards
  7 gnolls
  5 adders
  A shadow imp (D:8)
  2 white imps
  3 ufetubi
  3 worms
  4 dart slugs
  45 orcs
  3 ball pythons
  7 bats
  8 endoplasms
  5 giant cockroaches
  6 goblins
  3 hobgoblins
  4 jackals (D:1)
  7 kobolds
  4 quokkas
  4 frilled lizards
  5 rats
195 creatures vanquished.

Notes
Turn   | Place    | Note
-------+----------+-------------------------------------------
     0 | D:1      | growler the Octopode Transmuter began the quest for the
                  | Orb.
     0 | D:1      | Reached XP level 1. HP: 13/13 MP: 3/3
    82 | D:1      | Reached XP level 2. HP: 18/18 MP: 5/5
   219 | D:1      | Found a faded altar of an unknown god.
   226 | D:1      | Reached XP level 3. HP: 23/23 MP: 4/6
   234 | D:1      | Learned a level 2 spell: Wereblood
   238 | D:1      | Learned a level 3 spell: Spider Form
  1233 | D:3      | Reached skill level 1 in Poison Magic
  1233 | D:3      | Reached XP level 4. HP: 22/28 MP: 6/8
  1384 | D:3      | Found a snail-covered altar of Cheibriados.
  1644 | D:3      | Reached XP level 5. HP: 33/33 MP: 7/9
  1990 | D:4      | Noticed a phantom
  1998 | D:4      | Killed a phantom
  1999 | D:4      | Reached skill level 4 in Unarmed Combat
  2003 | D:4      | Reached XP level 6. HP: 38/38 MP: 5/10
  2165 | D:4      | Reached skill level 5 in Unarmed Combat
  2169 | D:4      | Reached XP level 7. HP: 21/43 MP: 8/11
  2292 | D:4      | Found a broken altar of Ashenzari.
  2300 | D:4      | Reached skill level 5 in Transmutations
  2368 | D:4      | Reached skill level 6 in Unarmed Combat
  2648 | D:5      | Entered Level 5 of the Dungeon
  2702 | D:5      | Reached skill level 7 in Unarmed Combat
  2707 | D:5      | Learned a level 4 spell: Ice Form
  2719 | D:5      | Reached XP level 8. HP: 32/48 MP: 9/12
  2795 | D:5      | Reached skill level 1 in Ice Magic
  3009 | D:5      | Found a shimmering blue altar of Sif Muna.
  3036 | D:5      | Found a glowing silver altar of Zin.
  3036 | D:5      | Found an opulent altar of Gozag.
  3321 | D:5      | Found an ancient bone altar of Kikubaaqudgha.
  3518 | D:6      | HP: 2/76 [acid (3)]
  4391 | D:6      | Reached XP level 9. HP: 53/57 MP: 7/13
  4702 | D:6      | Reached skill level 8 in Unarmed Combat
  4989 | D:7      | Found a shimmering altar of Xom.
  5197 | D:7      | Noticed a hornet
  5282 | D:7      | Killed a hornet
  5379 | D:7      | Found Ruti's Jewellery Emporium.
  5719 | D:7      | Reached skill level 5 in Fighting
  6024 | D:7      | Reached skill level 5 in Ice Magic
  6088 | D:7      | Found a staircase to the Ecumenical Temple.
  6097 | Temple   | Entered the Ecumenical Temple
  6204 | D:5      | Became a worshipper of Gozag Ym Sagoz the Greedy
  6313 | D:8      | Reached XP level 10. HP: 66/66 MP: 8/14
  6320 | D:8      | Reached skill level 9 in Unarmed Combat
  6415 | D:8      | Found a glowing golden altar of the Shining One.
  6478 | D:8      | Learned a level 5 spell: Blade Hands
  6742 | D:8      | Noticed Erica
  6751 | D:8      | Killed Erica
  6842 | D:7      | Bought a +5 ring of evasion for 396 gold pieces
  7051 | D:8      | Found a sparkling altar of Nemelex Xobeh.
  7159 | D:8      | Noticed Gastronok
  7177 | D:8      | Mangled by Gastronok

Illustrated notes

Levels and vault maps discovered:
D:1:      dpeg_arrival_renting, layout_rooms, basic_ecumenical_altar
D:2:      layout_loops_ring, minmay_misc_feat_iff
D:3:      layout_loops_ring, kennysheep_slug_shrine, st_stairs_11
D:4:      layout_cave_pools, ashenzari_conservatory_becter,
          kennysheep_small_circle
D:5:      layout_basic, grunt_temple_overflow_gold_and_silver,
          mainiacjoe_overflow_surrounded_room, mainiacjoe_overflow_catwalk
D:6:      layout_basic, hangedman_decor_clover_reticule
D:7:      layout_basic, led_xom_imps, lemuel_temple_firewalk_a, serial_shops,
          nicolae_stop_n_shop_2, enter_bailey_2, grunt_ministairs_8,
          serial_bayou_lagoon_a, minmay_misc_feat_nine_boxes, minmay_between
D:8:      layout_basic, kennysheep_mini_moat, nemelex_diamond_rough_becter,
          david_defended_altar_orc, uniq_gastronok, uniq_erica
Temple:   minmay_freezing_vapour_temple

Skill      XL: |  1  2  3  4  5  6  7  8  9 10 |
---------------+-------------------------------+-----
Poison Magic   | 1 3 |  3.0
Transmutations | 3 4 5 6 7 8 |  8.4
Spellcasting   | 3 |  3.0
Unarmed Combat | 4 5 7 8 9 |  9.7
Ice Magic      | 3 5 |  5.0
Fighting       | 3 5 6 |  6.7
Dodging        | |  2.0

Action                     |  1- 3 |  4- 6 |  7- 9 | 10-12 || total
---------------------------+-------+-------+-------+-------++-------
  Melee: Unarmed           |    73 |    69 |   225 |    69 ||   436
         Kick              |    16 |    16 |    24 |     1 ||    57
         Constrict         |    18 |    23 |    18 |     2 ||    61
         Tentacles         |    10 |    14 |    20 |     1 ||    45
         Punch             |     1 |     2 |     6 |     1 ||    10
   Cast: Beastly Appendage |    16 |    14 |    18 |     1 ||    49
         Wereblood         |     1 |     3 |    10 |     6 ||    20
         Spider Form       |       |     1 |    13 |     3 ||    17
         Ice Form          |       |       |     5 |     4 ||     9
  Evoke: Wand              |       |       |     1 |       ||     1
    Use: Potion            |     1 |       |     4 |       ||     5
         Scroll            |       |       |     6 |     2 ||     8
   Stab: Sleeping          |     3 |     3 |     1 |       ||     7
         Distracted        |       |       |     1 |     1 ||     2
 Armour: Skin              |     2 |     8 |    25 |    11 ||    46
  Dodge: Dodged            |    47 |    42 |   140 |    34 ||   263
